 Dungeon Crawl Stone Soup version 0.21.1-1-g345015f (webtiles) character file.

212 grindst0ne the Chucker (level 5, -13/49 HPs)
             Began as an Ogre Hunter on Mar 5, 2018.
             Was an Initiate of Okawaru.
             Mangled by Pikel
             ... wielding a +2 whip of electrocution
              (19 damage)
             ... on level 4 of the Dungeon.
             The game lasted 00:11:39 (5242 turns).

grindst0ne the Chucker (Ogre Hunter)                Turns: 5242, Time: 00:11:40

Health: -13/49     AC:  5    Str: 17      XL:     5   Next: 90%
Magic:  4/4        EV: 10    Int: 13 (14) God:    Okawaru [......]
Gold:   176        SH:  0    Dex:  9      Spells: 4/4 levels left

rFire    . . .     SeeInvis .   e - -2 dagger (curse)
rCold    . . .     Gourm    .   (no shield)
rNeg     . . .     Faith    .   b - +1 robe
rPois    +         Spirit   .   (helmet restricted)
rElec    .         Reflect  .   (no cloak)
rCorr    +         Harm     .   (gloves unavailable)
MR       .....                  (boots unavailable)
Stlth    +.........             (no amulet)
HPRegen  0.16/turn              g - ring of poison resistance
MPRegen  0.09/turn              n - ring of resist corrosion

@: no status effects
A: large, unfitting armour, clever 1, frail 1, low mp 1, shaggy fur 1, tough
skin 1
a: Renounce Religion


You were on level 4 of the Dungeon.
You worshipped Okawaru.
Okawaru was noncommittal.
You were near starving.

You visited 1 branch of the dungeon, and saw 4 of its levels.

You collected 176 gold pieces.

Inventory:

Hand Weapons
 a - a +0 short sword
 e - a cursed -2 dagger (weapon)
 h - a +2 dagger of venom
 k - a cursed -3 hand axe
Armour
 b - a +1 robe (worn)
Jewellery
 g - a ring of poison resistance (left hand)
 n - a ring of resist corrosion (right hand)
Scrolls
 i - a scroll of magic mapping
 j - 2 scrolls of identify
 o - 3 scrolls of enchant armour
 p - 2 scrolls of amnesia
 q - 2 scrolls of enchant weapon
Potions
 l - a potion of magic
Comestibles
 f - 6 rations


   Skills:
 + Level 4.8 Fighting
 * Level 6.0 Throwing
 + Level 2.2 Dodging
 - Level 0.6 Stealth


You had 4 spell levels left.
You didn't know any spells.

Dungeon Overview and Level Annotations

Branches:
Dungeon (4/15)
 Temple: D:4-7

Altars:
Okawaru
Ru

Annotations:
D:3 exclusion: 2 downstairs
D:4 Natasha, Pikel


Innate Abilities, Weirdness & Mutations

You are too large for most types of armour.
You have tough skin. (AC +1)
Your mind is acute. (Int +2)
You are frail. (-10% HP)
Your magical capacity is low. (-10% MP)
You are covered in fur. (AC +1)


Message History

You are electrocuted!
You aren't carrying any items that you can evoke.
You aren't carrying any items that you can evoke.
You aren't carrying any items that you can evoke.
You aren't carrying any items that you can evoke.
You aren't carrying any items that you can evoke.
There is an open door here.
Pikel cracks his whip.
You see here an animal skin.
Pikel waves a pair of manacles at you.
You are near starving!
You see here an animal skin.
You barely miss the slave. The slave closely misses you.
You barely miss the slave.
Pikel hits you with a whip of electrocution.
You are electrocuted!
The slave hits you!
* * * LOW HITPOINT WARNING * * *
You hit the slave but do no damage. Pikel hits you but does no damage.
You are electrocuted!
You die...

#.......#..........#.#
#.......#..........#.#
#.......#..........#.#
#.......#..........#.#
#.......########......
#####.### #.##### #.#
#.# ##### #p# #.#
#...# #@# #.# ###
#...# #K# #.# #..
#...# #p#### #.# #.#
#...# #p#..# #.# #.#
######...#
#.#..#######.###.#
#....'...#
#.#...p..p.#.....#
#.####.(.#
#.#..p####.####### #.#
#...# #.#....#.#.# #..
#.# #...# #[#K.....#p#
#.#


You could see Pikel and 3 slaves.

Vanquished Creatures
  A slave (D:4)
  Natasha (D:4)
  Robin (D:4)
  5 gnolls
  3 adders
  3 oozes
  An adder skeleton (D:4)
  3 dart slugs
  2 leopard geckos (D:2)
  2 orcs
  9 bats
  8 giant cockroaches
  15 goblins
  8 hobgoblins
  2 quokkas
  A ball python (D:2)
  3 frilled lizards
  A jackal skeleton (D:4)
  3 kobolds
  8 rats
80 creatures vanquished.

Notes
Turn   | Place    | Note
-------+----------+-------------------------------------------
     0 | D:1      | grindst0ne the Ogre Hunter began the quest for the Orb.
     0 | D:1      | Reached XP level 1. HP: 22/22 MP: 1/1
    16 | D:1      | Reached XP level 2. HP: 19/31 MP: 2/2
   439 | D:1      | Found an iron altar of Okawaru.
   469 | D:1      | Reached XP level 3. HP: 21/37 MP: 3/3
   497 | D:1      | Became a worshipper of Warmaster Okawaru
  1720 | D:2      | Reached skill level 5 in Throwing
  2100 | D:2      | Reached XP level 4. HP: 35/48 MP: 4/4
  3093 | D:3      | Found a sacrificial altar of Ru.
  3151 | D:3      | Reached XP level 5. HP: 41/55 MP: 5/5
  3887 | D:4      | Noticed Natasha
  3914 | D:4      | Killed Natasha
  3937 | D:4      | Noticed Natasha
  4274 | D:4      | Gained mutation: Your magical capacity is low. (-10% MP) [potion of mutation]
  4274 | D:4      | Gained mutation: You are frail. (-10% HP) [potion of mutation]
  4274 | D:4      | Gained mutation: You are covered in fur. (AC +1) [potion of mutation]
  4274 | D:4      | Gained mutation: Your mind is acute. (Int +2) [potion of mutation]
  4294 | D:4      | Noticed Robin
  4664 | D:4      | Killed Robin
  4664 | D:4      | Reached skill level 6 in Throwing
  4778 | D:4      | Noticed a slave
  4795 | D:4      | Killed a slave
  4959 | D:4      | Noticed Pikel
  4959 | D:4      | Noticed a slave
  4959 | D:4      | Noticed a slave
  4960 | D:4      | Noticed a slave
  5242 | D:4      | Mangled by Pikel

Skill      XL: |  1  2  3  4  5 |
---------------+----------------+-----
Fighting       | 3 4 |  4.8
Throwing       | 5 6 |  6.0
Dodging        | 2 |  2.2
Stealth        | |  0.6

Action                   |  1- 3 |  4- 6 || total
-------------------------+-------+-------++-------
Melee: Dagger            |   284 |   270 ||   554
       Short sword       |     9 |       ||     9
Throw: Large rock        |    16 |    25 ||    41
       Throwing net      |       |     3 ||     3
  Use: Scroll            |     7 |     3 ||    10
       Potion            |       |     7 ||     7
 Stab: Sleeping          |     1 |     5 ||     6
  Eat: Chunk             |     4 |     9 ||    13
Armor: Robe              |   151 |    82 ||   233
Dodge: Dodged            |   174 |   149 ||   323
